Map: Deathaura LE

Players

黑羽快斗 (ButAlways) - Winner!

  • Race: Protoss Protoss
  • League: Grandmaster
  • Spawn Location: 11:00

Nice

  • Race: Protoss Protoss
  • Spawn Location: 5:00

Event: DreamHack SC2 Masters 2020 Winter

VOD

Have the link to the VOD?

Description

Time

  • Played on: Oct. 23, 2020, 7:53 a.m.
  • Length: 8:53

All games in this series

Show
View Real Time Build Order
Export as new Build Order

黑羽快斗 Protoss - Winner!

Build Orders: Blink Stalkers 

Get SALT Encoding   

  12  0:00  Probe  
  13  0:12  Probe  
  14  0:16  Pylon  
  14  0:24  Probe  
  15  0:35  Gateway  
  15  0:36  Probe (Chrono Boost)  
  16  0:46  Assimilator, Probe (Chrono Boost)  
  17  0:51  Probe (Chrono Boost)  
  17  0:54  Assimilator  
  18  1:03  Probe (Chrono Boost)  
  19  1:08  Gateway  
  20  1:12  Probe (Chrono Boost)  
  20  1:17  Probe (Chrono Boost)  
  20  1:24  Cybernetics Core  
  21  1:29  Probe  
  22  1:36  Pylon  
  22  1:41  Probe  
  23  1:54  Probe  
  23  2:00  Stalker, Sentry  
  28  2:02  Warp Gate  
  28  2:17  Pylon  
  28  2:33  Probe (Chrono Boost)  
  29  2:37  Nexus  
  29  2:40  Sentry  
  32  2:44  Probe (Chrono Boost)  
  32  2:48  Stalker  
  32  2:50  Probe (Chrono Boost)  
  35  3:01  Twilight Council  
  35  3:05  Probe (Chrono Boost)  
  36  3:17  Probe (Chrono Boost)  
  35  3:22  Pylon  
  35  3:25  Probe (Chrono Boost)  
  36  3:31  Blink (Chrono Boost), Probe  
  37  3:42  Forge  
  37  3:43  Probe  
  38  3:49  Probe  
  38  3:52  Stalker  
  41  3:57  Stalker  
  41  3:58  Probe  
  41  4:01  Probe  
  45  4:10  Probe  
  45  4:12  Pylon  
  45  4:14  Probe  
  47  4:18  Stalker  
  47  4:19  Protoss Ground Weapons Level 1 (Chrono Boost)  
  49  4:24  Probe  
  49  4:30  Stalker  
  53  4:31  Probe  
  53  4:37  Robotics Facility, Probe  
  54  4:44  Photon Cannon  
  54  4:45  Probe  
  55  4:48  Sentry  
  55  4:51  Assimilator  
  57  4:54  Pylon  
  57  4:57  Stalker  
  57  4:59  Probe  
  60  5:18  Stalker  
  62  5:22  Immortal (Chrono Boost)  
  66  5:29  Gateway x2  
  66  5:32  Gateway  
  66  5:35  Gateway  
  66  5:40  Stalker  
  68  5:44  Pylon  
  68  5:47  Photon Cannon  
  68  5:51  Warp Prism (Chrono Boost)  
  70  6:00  Pylon  
  70  6:06  Stalker, Sentry  
  74  6:11  Pylon  
  74  6:18  Pylon  
  74  6:24  Observer  
  75  6:37  Stalker x6  
  87  6:40  Pylon  
  83  7:01  Stalker x4  
  79  7:12  Stalker x2  
  77  7:23  Assimilator  
  77  7:28  Stalker  
  77  7:29  Stalker x2  
  83  7:40  Stalker x2  
  83  7:41  Zealot  
  87  7:58  Stalker x3  
  89  8:02  Stalker  
  81  8:18  Stalker x2  
  75  8:26  Nexus  
Show
View Real Time Build Order
Export as new Build Order

Nice Protoss 

Build Orders: 1 Gate Expand, Oracle Opening 

Get SALT Encoding   

  12  0:00  Probe  
  13  0:12  Probe  
  14  0:17  Pylon  
  14  0:24  Probe  
  15  0:35  Gateway  
  15  0:37  Probe (Chrono Boost)  
  16  0:47  Assimilator, Probe (Chrono Boost)  
  17  0:52  Probe (Chrono Boost)  
  18  1:04  Probe  
  19  1:16  Probe  
  20  1:23  Nexus  
  20  1:34  Cybernetics Core  
  20  1:39  Assimilator  
  20  1:40  Probe  
  21  1:47  Pylon  
  21  1:52  Probe  
  22  2:04  Probe  
  22  2:08  Adept (Chrono Boost)  
  23  2:13  Warp Gate  
  25  2:16  Probe  
  26  2:28  Probe  
  27  2:30  Stalker (Chrono Boost)  
  27  2:33  Shield Battery  
  29  2:37  Probe  
  29  2:41  Probe  
  29  2:42  Stargate  
  31  2:52  Stalker  
  33  3:02  Probe x2  
  35  3:14  Probe (Chrono Boost)  
  35  3:15  Probe (Chrono Boost)  
  35  3:24  Probe x2 (Chrono Boost)  
  35  3:25  Oracle (Chrono Boost)  
  40  3:28  Pylon  
  40  3:29  Probe x2 (Chrono Boost)  
  42  3:41  Pylon, Probe x2  
  44  3:49  Pylon  
  44  3:53  Probe x2, Oracle (Chrono Boost)  
  49  4:03  Assimilator x2  
  49  4:05  Probe  
  49  4:07  Twilight Council  
  49  4:08  Forge  
  50  4:12  Probe  
  50  4:14  Stalker  
  53  4:17  Probe  
  54  4:24  Probe  
  54  4:30  Gateway  
  55  4:33  Gateway  
  55  4:38  Robotics Facility  
  55  4:39  Stalker  
  55  4:44  Blink (Chrono Boost)  
  57  4:52  Probe x2  
  59  4:53  Pylon  
  59  4:57  Gateway  
  59  5:06  Gateway, Protoss Ground Weapons Level 1  
  59  5:08  Sentry  
  59  5:13  Gateway  
  61  5:27  Observer  
  59  5:29  Pylon  
  59  5:31  Stalker x3  
  65  5:41  Probe  
  66  5:42  Pylon  
  66  5:46  Pylon  
  66  5:47  Immortal (Chrono Boost)  
  70  5:58  Stalker  
  70  5:59  Stalker  
  74  6:11  Pylon  
  74  6:18  Nexus  
  74  6:20  Immortal (Chrono Boost)  
  78  6:27  Sentry x2  
  78  6:28  Sentry  
  84  6:34  Shield Battery  
  84  6:35  Shield Battery  
  84  6:39  Stalker  
  86  6:43  Stalker  
  86  6:55  Stalker x3  
  66  7:16  Stalker x3  
  66  7:18  Stalker  
  66  7:19  Stalker x2  
  76  7:34  Immortal (Chrono Boost)  
  72  7:45  Stalker x4  
  77  7:54  Stalker x2  
  70  8:16  Zealot x4  
  70  8:17  Zealot  
Tags
 
Add a new tag
Caveats
  • Supply blocks, unpowered buildings, or Contaminate may cause inaccurate times.
  • Supply counts are checked every 10 seconds.